 Dungeon Crawl Stone Soup version 0.31.0-9-g3a7656b989 (webtiles) character file.

Game seed: 18313714992483234817

20 qw the Shooter (level 2, 0/16 HPs)
             Began as a Deep Elf Hunter on Feb 2, 2024.
             Succumbed to an adder's poison
             ... on level 3 of the Dungeon.
             The game lasted 00:00:02 (648 turns).

qw the Shooter (Deep Elf Hunter)                     Turns: 648, Time: 00:00:03

Health: 0/16       AC:  4    Str:  8    XL:     2   Next: 58%
Magic:  4/4        EV: 12    Int: 13    God:
Gold:   29         SH:  0    Dex: 18    Spells: 1/1 levels left

rFire   . . .        a - +0 shortbow
rCold   . . .        (shield currently unavailable)
rNeg    . . .        c - +0 leather armour
rPois   .            (no helmet)
rElec   .            h - +0 cloak
rCorr   .            (no gloves)
SInv    .            (no boots)
Will    .....        (no amulet)
Stlth   ++           (no ring)
HPRegen 0.22/turn    (no ring)
MPRegen 0.09/turn

%: no passive effects
@: lethally poisoned (0 -> -3), about to teleport
A: no striking features
a: no special abilities


You were on level 3 of the Dungeon.
You visited 1 branch of the dungeon, and saw 4 of its levels.

You collected 29 gold pieces.


   Skills:
 - Level 1.5 Fighting
 + Level 6.3 Ranged Weapons
 - Level 2.4 Dodging
 - Level 1.2 Stealth


You had one spell level left.
You didn't know any spells.
Your spell library was empty.

Inventory:

Hand Weapons
 a - a +0 shortbow (weapon)
Armour
 c - a +0 leather armour (worn)
 h - a +0 cloak (worn)
Scrolls
 i - a scroll of teleportation
Potions
 d - a potion of enlightenment
 j - a potion of mutation {unknown}

Dungeon Overview and Level Annotations

Branches:
Dungeon (4/15)
 Temple: D:4-7

Altars:

Shops:
D:1 *


Message History

Waypoint 2 assigned to D:4.
What level of the Dungeon? (default 2, ? - help)
There is a stone staircase leading up here.
You climb upwards.
There is a stone staircase leading down here.
Waypoint 3 assigned to D:3.
A rat comes into view.
You shoot an arrow. The arrow hits the rat.
You kill the rat!
Found a leather armour.
An adder comes into view.
You shoot an arrow.
The arrow hits the adder but does no damage.
The adder hisses angrily.
You shoot an arrow. The arrow closely misses the adder.
You shoot an arrow.
The arrow hits the adder but does no damage.
The adder bites you.
You are poisoned.
The adder poisons you!
You shoot an arrow. The arrow hits the adder.
The adder is lightly wounded.
You feel sick. The adder barely misses you.
You shoot an arrow. The arrow barely misses the adder.
You feel sick. The adder closely misses you. x2
You shoot an arrow. The arrow barely misses the adder.
You feel sick. The adder bites you.
You are more poisoned.
The adder poisons you!
You shoot an arrow. The arrow closely misses the adder.
You feel sick. The adder barely misses you.
You shoot an arrow. The arrow hits the adder!
The adder is almost dead.
You feel sick. The adder bites you. The adder barely misses you.
647 ||| READING 2 scrolls of teleportation.
As you read the scroll of teleportation, it crumbles to dust.
You feel strangely unstable.
You feel sick. The adder bites you but does no damage.
You shoot an arrow. The arrow closely misses the adder.
You die...

..### ### ...#
#.. .#.# ## #.#
... ... #.#
..#.#.# #.#
##.###.#.#.# #.#
#....S.[.#.# #>#
#@###.#####.#
#...........#
.#####.#.####..#
................#
.########.#.....#
.....%..#.....#
##.######.....#
#.....# #.....#


You could see an adder.

Vanquished Creatures
  2 ball pythons (D:1)
  An endoplasm (D:1)
  2 goblins
  3 hobgoblins (D:1)
  2 jackals (D:1)
  3 bats (D:1)
  2 frilled lizards
  4 rats
19 creatures vanquished.

Notes
Turn   | Place    | Note
-------+----------+-------------------------------------------
     0 | D:1      | qw the Deep Elf Hunter began the quest for the Orb.
     0 | D:1      | Reached XP level 1. HP: 12/12 MP: 3/3
     0 | D:1      | 0 ||| qw: Version: 0.3-a-155-g5e7d8dd
     0 | D:1      | 0 ||| qw: Game counter: 2151
     0 | D:1      | 0 ||| qw: Melee chars always use a shield: true
     0 | D:1      | 0 ||| qw: God list: Okawaru
     0 | D:1      | 0 ||| qw: Allow faded altars: false
     0 | D:1      | 0 ||| qw: Do Orc after clearing Dungeon:15 true
     0 | D:1      | 0 ||| qw: Do second Lair branch before Depths: true
     0 | D:1      | 0 ||| qw: Lair rune preference: random
     0 | D:1      | 0 ||| qw: Goals: Normal
     0 | D:1      | 0 ||| PLANNING D:1-11
   172 | D:1      | Reached skill level 6 in Ranged Weapons
   172 | D:1      | Reached XP level 2. HP: 15/16 MP: 4/4
   219 | D:1      | Found a faded altar of an unknown god.
   235 | D:1      | Found Ewesiz's Assorted Antiques.
   263 | D:1      | 263 ||| SHOPLISTING fuming clear potion (26 gold, have 0).
   263 | D:1      | 263 ||| SHOPLISTING orange potion (26 gold, have 0).
   263 | D:1      | 263 ||| SHOPLISTING ring mail (116 gold, have 0).
   263 | D:1      | 263 ||| SHOPLISTING scale mail (116 gold, have 0).
   263 | D:1      | 263 ||| SHOPLISTING scroll labelled LICAUC COSUNTA (29
                  | gold, have 0).
   519 | D:1      | 519 ||| UPGRADING to +0 cloak.
   524 | D:1      | 524 ||| READING scroll labelled VAOWUA XECK.
   525 | D:1      | 525 ||| READING scroll labelled JEMUCI GOFOIRGHEN.
   526 | D:1      | 526 ||| READING scroll labelled TUTHRO YTZAONN.
   526 | D:1      | 526 ||| IDENTIFYING purple potion
   527 | D:1      | 527 ||| READING 3 scrolls labelled MARETRERAX.
   530 | D:1      | 530 ||| DRINKING 2 puce potions.
   562 | D:1      | 562 ||| DROPPING scroll of butterflies.
   563 | D:1      | 563 ||| DROPPING potion of lignification.
   607 | D:2      | You fall into a shaft and drop 2 floors!
   646 | D:3      | HP: 2/16 [adder (3)]
   647 | D:3      | 647 ||| READING 2 scrolls of teleportation.
   648 | D:3      | Succumbed to an adder's poison

Levels and vault maps discovered:
D:1:      minmay_arrival_diagonal_passages, layout_basic, serial_shops,
          nicolae_shop_gibbet_a_chance, shapermc_ecumenical_altar_acropolis
D:2:      wad_woods_tower, layout_basic, minmay_misc_feat_hallway,
          kennysheep_generic_room_3, uniq_terence
D:3:      layout_basic, old_standard_altar, minmay_quantized, uniq_jessica,
          uniq_grinder
D:4:      layout_loops_ring, nicolae_overflow_crystal_walls,
          mainiacjoe_overflow_chevrons,
          nicolae_uskayaw_murder_on_the_dancefloor, kennysheep_generic_room_11

Skill      XL: |  1 |
---------------+----+-----
Ranged Weapons | 6 |  6.3
Fighting       | |  1.5
Dodging        | |  2.4
Stealth        | |  1.2

Action                     || total
---------------------------++-------
   Fire: Shortbow          ||    60
    Use: Scroll            ||     5
         Potion            ||     1
 Armour: Leather armour    ||    21
  Dodge: Dodged            ||    28

Table legend:
 A = Non-vault XP
 B = Vault XP
 C = Vault XP percentage of total XP
 D = Non-vault monster count
 E = Vault monster count
 F = Vault count percentage of total count
                 A         B        C        D         E       F
            +---------+---------+-------+---------+---------+-------
      Total |      29 |       0 |   0.0 |      19 |       0 |   0.0
            +---------+---------+-------+---------+---------+-------
        D:1 |      25 |       0 |   0.0 |      16 |       0 |   0.0
        D:2 |       3 |       0 |   0.0 |       2 |       0 |   0.0
        D:3 |       1 |       0 |   0.0 |       1 |       0 |   0.0
            +---------+---------+-------+---------+---------+-------
